AoeStats
← tom

Glade

510592517Analyzed
1v1 RM · 21h ago on Oct 1, 2026· 62m 40s· 2 players
Game mode
Random Map
Map size
Tiny (2 player)
Population
200
Speed
Normal
Resources
Standard
Victory
Conquest
Starting age
Dark Age
Ending age
Imperial Age
RankedLock teamsTeams togetherTeam positionsShared explorationLock speedFull tech treeHidden civsTurbo modeCheats
Victory
Defeat
🇱🇻 Japanese · Latvia
755
+17
🇸🇪 Poles · Sweden
787
-17
tom
7:56 Loom
10:38 Feudal Age
10:40 Man-at-Arms
16:43 Double-Bit Axe
19:03 Horse Collar
19:18 Gold Mining
19:23 Arson
20:00 Scale Mail Armor
26:08 Wheelbarrow
27:51 Castle Age
26:59 Fletching
27:21 Forging
27:13 Padded Archer Armor
31:04 Wheelbarrow
32:41 Bow Saw
32:36 Squires
33:50 Murder Holes
34:16 Ballistics
35:38 Hand Cart
35:26 Town Watch
36:27 Iron Casting
37:03 Fortified Wall
36:36 Treadmill Crane
40:18 Scale Barding Armor
40:31 Chain Mail Armor
40:23 Husbandry
40:34 Bloodlines
45:16 Chain Barding Armor
48:09 Bodkin Arrow
48:15 Padded Archer Armor
50:42 Leather Archer Armor
49:55 Elite Skirmisher
50:41 Thumb Ring
57:04 Imperial Age
55:49 Masonry
58:11 Conscription
58:12 Kataparuto
59:15 Hoardings
64:08 Chemistry
63:14 Siege Engineers
63:03 Guard Tower
62:58 Arrowslits
Crone
12:14 Feudal Age
14:31 Wheelbarrow
13:42 Loom
14:35 Wheelbarrow
16:04 Horse Collar
16:11 Double-Bit Axe
18:53 Fletching
23:02 Castle Age
22:35 Man-at-Arms
24:38 Crossbowman
26:13 Thumb Ring
35:48 Imperial Age
33:36 Padded Archer Armor
33:54 Town Watch
34:09 Murder Holes
34:43 Ballistics
34:54 Bodkin Arrow
35:16 Leather Archer Armor
35:36 Hand Cart
36:05 Gold Mining
36:42 Heavy Plow
38:36 Chemistry
39:04 Arbalester
47:57 Pikeman
48:38 Squires
53:00 Forging
52:51 Scale Mail Armor
55:19 Cavalier
56:15 Bloodlines
56:08 Husbandry
Connection lost

Rejoining the realm…

Still unreachable

The connection could not be restored.

Session expired

The server has moved on; the page needs a fresh start.